 Dungeon Crawl Stone Soup version 0.23-a0-61-g4bf3f6c (webtiles) character file.

840 Amnesiac the Conjurer (level 7, 0/46 HPs)
             Began as a Mummy Conjurer on Aug 9, 2018.
             Was a Follower of Dithmenos.
             Slain by an ogre
             ... wielding a +0 giant club
              (13 damage)
             ... on level 5 of the Dungeon.
             The game lasted 00:07:46 (4208 turns).

Amnesiac the Conjurer (Mummy Conjurer)              Turns: 4208, Time: 00:07:47

Health: 0/46       AC:  5    Str: 11    XL:     7   Next: 67%
Magic:  17/17      EV: 10    Int: 16    God:    Dithmenos [*.....]
Gold:   217        SH:  4    Dex: 18    Spells: 9/19 levels left

rFire    x . .     SeeInvis .   a - +1 flail (protect)
rCold    + . .     Gourm    .   (no shield)
rNeg     + + +     Faith    .   e - +0 ring mail
rPois    ∞         Spirit   .   (no helmet)
rElec    .         Reflect  +   (no cloak)
rCorr    .         Harm     .   (no gloves)
MR       .....                  (no boots)
Stlth    ++........             k - +4 amulet of reflection
HPRegen  0.15/turn              d - +5 ring of dexterity
MPRegen  0.15/turn              (no ring)

@: wreathed by umbra
A: no food or potions, fire vulnerability, cold resistance 1, negative energy
resistance 3, torment resistance, unbreathing
a: Renounce Religion


You were on level 5 of the Dungeon.
You worshipped Dithmenos.
Dithmenos was aware of your devotion.
You were not hungry.

You visited 2 branches of the dungeon, and saw 6 of its levels.

You collected 217 gold pieces.

Inventory:

Hand Weapons
 a - a +1 flail of protection (weapon)
 j - a +0 hand axe of draining
 o - a +0 short sword of protection
Missiles
 b - 177 stones (quivered)
 r - 20 sling bullets
Armour
 e - a +0 ring mail (worn)
Jewellery
 d - a +5 ring of dexterity (left hand)
 k - a +4 amulet of reflection (around neck)
 q - a cursed -3 ring of protection {unknown}
Wands
 l - a wand of random effects (28)
 m - a wand of polymorph (10)
Scrolls
 c - a scroll of fear {!r}
 f - a scroll of magic mapping {!r}
 g - a scroll of amnesia {!r}
 h - a scroll of identify {!r}
 i - 5 scrolls of teleportation {!r}
 n - a scroll of enchant armour {!r}
 p - a scroll of remove curse {!r}


   Skills:
 - Level 1.5 Dodging
 - Level 1.5 Stealth
 + Level 6.7 Spellcasting
 * Level 6.7 Conjurations


You had 9 spell levels left.
You knew the following spells:

 Your Spells              Type           Power        Failure   Level  Hunger
a - Magic Dart            Conj           ####         1%          1    N/A
b - Dazzling Spray        Conj/Hex       ###...       24%         3    N/A
c - Iskenderun's Mystic   Conj           ####....     19%         4    N/A
d - Searing Ray           Conj           ####..       3%          2    N/A

Your spell library contained the following spells:

 Spells                   Type           Power        Failure   Level  Hunger
 Fulminant Prism          Conj/Hex       ###.......   61%         4    N/A
 Force Lance              Conj/Tloc      ###.....     61%         4    N/A

Dungeon Overview and Level Annotations

Branches:
Dungeon (5/15)             Temple (1/1) D:4

Altars:
Cheibriados
Dithmenos
Elyvilon
Gozag
Hepliaklqana
Kikubaaqudgha
Makhleb
Nemelex Xobeh
Okawaru
Qazlal
Ru
Sif Muna
Trog
Uskayaw
Vehumet
Wu Jian
Xom
Yredelemnul
Zin


Innate Abilities, Weirdness & Mutations

You do not eat or drink.
Your flesh is vulnerable to fire.
You are immune to poison.
Your flesh is cold resistant. (rC+)
You are immune to negative energy. (rN+++)
You are immune to unholy pain and torment.
You can survive without breathing.


Message History

Dithmenos accepts your kill.
You finish channeling your searing ray.
You start resting.
Magic restored.
Things that are here:
a giant club; a giant cockroach corpse; an ogre corpse You now have 188 gold pieces (gained 14).
You now have 200 gold pieces (gained 12).
q - a bone ring You now have 209 gold pieces (gained 9).
r - 13 sling bullets You now have 214 gold pieces (gained 5).
b - 177 stones (gained 30)
r - 20 sling bullets (gained 7)
A giant cockroach comes into view.
A giant cockroach is nearby!
A giant cockroach is nearby!
You block the giant cockroach's attack.
You barely miss the giant cockroach.
An adder zombie comes into view.
The giant cockroach closely misses you.
You hit the giant cockroach.
Your weapon exudes an aura of protection.
You kill the giant cockroach!
Dithmenos accepts your kill.
Found 3 gold pieces.
The adder zombie barely misses you.
You barely miss the adder zombie. You block the adder zombie's attack.
You barely miss the adder zombie. The adder zombie barely misses you. x2
You barely miss the adder zombie. The adder zombie completely misses you.
You sock the adder zombie!
Your weapon exudes an aura of protection.
The adder zombie is heavily damaged.
The adder zombie barely misses you. x2
You closely miss the adder zombie.
The adder zombie is heavily damaged.
The adder zombie completely misses you.
You sock the adder zombie!
The adder zombie is almost destroyed.
The adder zombie completely misses you. You block the adder zombie's attack.
You closely miss the adder zombie.
The adder zombie is almost destroyed.
The adder zombie barely misses you.
You closely miss the adder zombie.
The adder zombie is almost destroyed.
The adder zombie barely misses you. x2
You hit the adder zombie.
Your weapon exudes an aura of protection.
You destroy the adder zombie!
Dithmenos accepts your kill.
No target in view!
Found a viscous ruby potion.
You now have 217 gold pieces (gained 3).
An ogre comes into view. It is wielding a giant club.
The ogre shouts!
The ogre hits you with a giant club!!
Ouch! That really hurt!
* * * LOW HITPOINT WARNING * * *
An ogre is nearby!
A giant cockroach comes into view.
The worker ant twitches its antennae in your direction.
You closely miss the giant cockroach. The giant cockroach barely misses you.
The ogre hits you with a giant club!
You die...

###.... #####.### ##..##
..#........# .....##
.#........# ### ......#
..........####.# ......#
#.............#
#####.#####........####.#
#..............##...#
####....†..s...##.###
#.......#......@O.##.#
#.#######.......a.##.##
#.#.##.#......#
#.#.##.#......#
#...##........#
............!.....
#.#.####.......... #.#..
#......#### .......#


You could see an ogre, a worker ant and a giant cockroach.

Vanquished Creatures
  An ice beast (D:5)
  An ogre (D:5)
  2 scorpions (D:4)
  A howler monkey (D:4)
  2 orc priests
  An orc wizard (D:4)
  Jessica (D:2)
  Terence (D:2)
  An iguana (D:4)
  Natasha (thrice) (D:2)
  3 worker ants (D:4)
  A worker ant zombie (D:4)
  3 gnolls (D:3)
  7 adders
  2 oozes
  An adder zombie (D:5)
  3 worms
  2 dart slugs
  7 leopard geckos
  8 orcs
  3 giant cockroaches
  3 goblins (D:1)
  5 hobgoblins
  9 jackals
  6 kobolds
  4 quokkas
  A ball python (D:3)
  5 bats
  8 rats
95 creatures vanquished.

Notes
Turn   | Place    | Note
-------+----------+-------------------------------------------
     0 | D:1      | Amnesiac the Mummy Conjurer began the quest for the Orb.
     0 | D:1      | Reached XP level 1. HP: 13/13 MP: 4/4
   360 | D:3      | Reached XP level 2. HP: 16/19 MP: 0/6
   364 | D:3      | Learned a level 2 spell: Searing Ray
   616 | D:4      | Reached XP level 3. HP: 11/24 MP: 2/8
   724 | D:5      | Entered Level 5 of the Dungeon
   724 | D:5      | Noticed an ogre
   728 | D:5      | Noticed an ice beast
   787 | D:4      | Reached XP level 4. HP: 13/30 MP: 1/9
  1189 | D:4      | Reached XP level 5. HP: 21/35 MP: 3/12
  1194 | D:4      | Learned a level 3 spell: Dazzling Spray
  1199 | D:4      | Learned a level 4 spell: Iskenderun's Mystic Blast
  1318 | D:4      | Found a staircase to the Ecumenical Temple.
  1324 | Temple   | Entered the Ecumenical Temple
  1331 | Temple   | Became a worshipper of Dithmenos the Shadowed
  1356 | D:4      | Reached skill level 5 in Conjurations
  1476 | D:1      | Learned a level 1 spell: Magic Dart
  1580 | D:1      | Reached skill level 5 in Spellcasting
  2097 | D:2      | Noticed Natasha
  2105 | D:2      | Killed Natasha
  2105 | D:2      | Reached XP level 6. HP: 18/41 MP: 3/13
  2175 | D:2      | Noticed Terence
  2180 | D:2      | Killed Terence
  2246 | D:2      | Noticed Natasha
  2251 | D:2      | Killed Natasha
  2341 | D:2      | Found a faded altar of an unknown god.
  2435 | D:2      | Reached * piety under Dithmenos
  2590 | D:2      | Noticed Jessica
  2594 | D:2      | Killed Jessica
  2641 | D:2      | Noticed Natasha
  2661 | D:2      | Killed Natasha
  2770 | D:2      | Found an ancient bone altar of Kikubaaqudgha.
  3385 | D:3      | Reached XP level 7. HP: 37/46 MP: 1/15
  3601 | D:4      | Found a basalt altar of Yredelemnul.
  3610 | D:4      | Found an iron altar of Okawaru.
  3611 | D:4      | Found a white marble altar of Elyvilon.
  4208 | D:5      | Slain by an ogre

Vault maps used:
D:1:      minmay_arrival_doors
D:2:      marbit_many_paths, chequers_ecumenical_altar_lobes,
          kennysheep_jessica_study, uniq_terence, uniq_natasha
D:4:      minitemple, temple_fountains, first_ration, minmay_close_crescents
Temple:   nicolae_temple_no_exploring_needed

Skill      XL: |  1  2  3  4  5  6  7 |
---------------+----------------------+-----
Spellcasting   | 3 4 5 6 |  6.7
Conjurations   | 4 5 6 |  6.7
Dodging        | |  1.5
Stealth        | |  1.5

Action                   |  1- 3 |  4- 6 |  7- 9 || total
-------------------------+-------+-------+-------++-------
Melee: Mace              |     9 |     3 |       ||    12
       Short sword       |       |    62 |       ||    62
       Flail             |       |    18 |    38 ||    56
 Cast: Magic Dart        |    16 |   115 |       ||   131
       Searing Ray       |     5 |    14 |     6 ||    25
       Iskenderun's Myst |       |     2 |       ||     2
  Use: Scroll            |       |     7 |       ||     7
Armor: Ring mail         |    15 |    55 |    12 ||    82
       Robe              |     3 |       |       ||     3
Dodge: Dodged            |    17 |    68 |    37 ||   122
Block: Other             |       |    13 |    12 ||    25
       Reflection        |       |     1 |       ||     1

Table legend:
 A = Non-vault XP
 B = Vault XP
 C = Vault XP percentage of total XP
 D = Non-vault monster count
 E = Vault monster count
 F = Vault count percentage of total count
 G = Total turns spent on level
                 A         B        C        D         E       F
            +---------+---------+-------+---------+---------+-------
      Total |    1047 |     153 |  12.8 |      87 |       8 |   8.4
            +---------+---------+-------+---------+---------+-------
        D:1 |      25 |       0 |   0.0 |      13 |       0 |   0.0
        D:2 |     155 |     115 |  42.6 |      23 |       5 |  17.9
        D:3 |     178 |       0 |   0.0 |      28 |       0 |   0.0
        D:4 |     422 |      38 |   8.3 |      15 |       3 |  16.7
        D:5 |     267 |       0 |   0.0 |       8 |       0 |   0.0
            +---------+---------+-------+---------+---------+-------
